AoeStats
← BichoPalo7978

Fortress

510322004Analyzed
1v1 RM · 11h ago on Sep 30, 2026· 24m 28s· 2 players
Game mode
Random Map
Map size
Small (3 player)
Population
200
Speed
Normal
Resources
Standard
Victory
Conquest
Starting age
Dark Age
Ending age
Imperial Age
RankedLock teamsTeams togetherTeam positionsShared explorationLock speedFull tech treeHidden civsTurbo modeCheats
Victory
Defeat
🇫🇷 Spanish · France
288
+7
🇪🇸 Wei · Spain
59
-7
BichoPalo7978
0:32 Loom
8:56 Feudal Age
12:34 Arson
13:04 Horse Collar
15:40 Double-Bit Axe
19:53 Castle Age
20:24 Wheelbarrow
21:20 Heavy Plow
24:36 Hand Cart
24:08 Town Watch
v.crouin
8:56 Feudal Age
7:13 Loom
9:28 Double-Bit Axe
10:40 Wheelbarrow
11:22 Gold Mining
12:20 Town Watch
15:39 Castle Age
14:32 Bloodlines
15:51 Padded Archer Armor
16:55 Bow Saw
19:07 Hand Cart
18:53 Town Patrol
22:22 Husbandry
22:43 Leather Archer Armor
Connection lost

Rejoining the realm…

Still unreachable

The connection could not be restored.

Session expired

The server has moved on; the page needs a fresh start.